 Dungeon Crawl Stone Soup version 0.32-a0-172-gc5dd13f2a7 (webtiles) character file.

Game seed: 10743799744336415692

65 innerfire43 the Ducker (level 3, -4/27 HPs)
             Began as a Demonspawn Wanderer on Jan 24, 2024.
             Slain by a cerulean imp
             ... wielding a +1 spear
             ... summoned by Natasha
              (6 damage)
             ... on level 2 of the Dungeon on Feb 12, 2024.
             The game lasted 00:02:57 (1170 turns).

innerfire43 the Ducker (Demonspawn Wanderer)        Turns: 1170, Time: 00:02:59

Health: -4/27      AC:  8    Str: 17    XL:     3   Next: 92%
Magic:  4/4        EV: 11    Int: 10    God:
Gold:   99         SH:  5    Dex: 11    Spells: 2/2 levels left

rFire   . . .        a - +2 mace
rCold   . . .        (no shield)
rNeg    . . .        j - +0 ring mail
rPois   .            (no helmet)
rElec   .            (no cloak)
rCorr   .            (no gloves)
SInv    .            l - +2 pair of boots
Will    .....        h - amulet of reflection
Stlth   +            (no ring)
HPRegen 0.24/turn    (no ring)
MPRegen 0.18/turn

%: reflection
@: slowed, very slow
A: demonic guardian 1, magic regeneration
a: no special abilities


You were on level 2 of the Dungeon.
You visited 1 branch of the dungeon, and saw 2 of its levels.

You collected 99 gold pieces.

Inventory:

Hand Weapons
 a - a +2 mace (weapon)
 b - a +0 spear
Armour
 c - a +0 pair of boots
 e - a +0 leather armour
 j - a +0 ring mail (worn)
 l - a +2 pair of boots (worn)
Jewellery
 h - an amulet of reflection (around neck)
 s - a +6 ring of strength
Talismans
 r - a flux talisman
Scrolls
 f - 2 scrolls of enchant weapon {unknown}
 g - a scroll of blinking {unknown}
 m - a scroll of teleportation {unknown}
 n - a scroll of identify {unknown}
 o - a scroll of fear {unknown}
Potions
 d - a potion of invisibility
 i - a potion of attraction
 k - a potion of heal wounds {unknown}
 p - a potion of curing {unknown}
 q - a potion of enlightenment {unknown}


   Skills:
 + Level 1.7 Fighting
 + Level 3.0 Maces & Flails
 - Level 1.0 Polearms
 + Level 1.5 Armour
 + Level 3.0 Dodging
 * Level 2.5 Invocations
 - Level 1.0 Evocations


You had 2 spell levels left.
You didn't know any spells.
Your spell library contained the following spells:

 Spells                   Type           Power      Damage    Failure   Level
 Apportation              Tloc           0%         N/A       56%         1
 Sandblast                Erth           0%         2d4       56%         1
 Blink                    Tloc           0%         N/A       71%         2
 Jinxbite                 Hex            0%         N/A       71%         2
 Lesser Beckoning         Tloc           0%         N/A       71%         2
 Momentum Strike          Conj/Tloc      0%         3d8       71%         2
 Passwall                 Erth           0%         N/A       90%         3
 Stone Arrow              Conj/Erth      0%         3d7       90%         3
 Brom's Barrelling Bould  Conj/Erth      0%         2d3       100%        4
 Alistair's Intoxication  Alch           0%         N/A       100%        5
 Iskenderun's Battlesphe  Conj           0%         2d6       100%        5
 Bombard                  Conj/Erth      0%         9d1       100%        6
 Spellforged Servitor     Conj/Summ      0%         N/A       100%        7


Dungeon Overview and Level Annotations

Branches:
Dungeon (2/15)

Altars:

Annotations:
D:2 Natasha


Innate Abilities, Weirdness & Mutations

A weak demonic guardian rushes to your aid.
You regenerate magic rapidly.


Message History

The cerulean imp hits you but does no damage.
Unknown command.
You closely miss Natasha.
Natasha is moderately wounded.
Natasha zaps a wand.
The puff of flame hits you! The cerulean imp closely misses you.
You block Natasha's attack.
Unknown command.
You hit Natasha.
Natasha is severely wounded.
The cerulean imp barely misses you.
Natasha stares at you and mumbles some strange words.
You feel as though you will be slow longer.
You block the cerulean imp's attack.
Natasha casts a spell.
You closely miss Natasha.
Natasha is severely wounded.
The cerulean imp closely misses you. Natasha closely misses you.
The cerulean imp hits you from afar with a +2 spear.
The cerulean imp barely misses you. Natasha closely misses you.
Unknown command.
You barely miss Natasha.
Natasha is severely wounded.
The cerulean imp hits you from afar with a +2 spear.
A demonic guardian appears!
The cerulean imp hits you but does no damage.
Natasha zaps a wand.
The puff of flame hits you!
* * * LOW HITPOINT WARNING * * *
The cerulean imp hits you but does no damage.
The cerulean imp closely misses you.
You are too injured to fight recklessly!
Unknown command.
You are too injured to fight recklessly!
Unknown command.
You hit Natasha.
Natasha is almost dead.
Natasha claws you.
* * * LOW HITPOINT WARNING * * *
You block the cerulean imp's attack.
The cerulean imp hits you with a +1 spear.
You die...

#.............# ###
#...........###.#..
#.......#.......#.#
#.......#.#.#####..
#.......#.#.##.....
#..#....#.#.##.###.
#..#.#.##[#.##.>.†)
#.55...##.#.##..##.
##@#......#.##..##.
#h########.##..##.
#5.............##.
#########.####.###
#.# #.# #.# #.# #.#
#.# #######.# #.#
#....[..# #.#


You could see Natasha, 2 cerulean imps and a friendly shadow imp (summoned).

Vanquished Creatures
  Terence (D:2)
  2 adders (D:2)
  2 dart slugs
  An endoplasm (D:1)
  2 giant cockroaches
  4 hobgoblins
  A quokka (D:1)
  A ball python (D:1)
  A bat (D:1)
  A frilled lizard (D:2)
  2 kobolds (D:2)
18 creatures vanquished.

Notes
Turn   | Place    | Note
-------+----------+-------------------------------------------
     0 | D:1      | innerfire43 the Demonspawn Wanderer began the quest for the
                  | Orb.
     0 | D:1      | innerfire43 set off with the following items: a +2 mace, a
                  | +0 spear, a +0 pair of boots, a potion of invisibility, a
                  | +0 leather armour.
     0 | D:1      | Reached XP level 1. HP: 15/15 MP: 1/1
   275 | D:1      | Upgraded the game from 0.32-a0-40-g2adb59ae06 to
                  | 0.32-a0-172-gc5dd13f2a7
   288 | D:1      | Reached skill level 1 in Invocations
   364 | D:1      | Gained mutation: You regenerate magic rapidly. [demonic
                  | ancestry]
   364 | D:1      | Reached XP level 2. HP: 21/21 MP: 2/2
   968 | D:2      | Noticed Terence
   971 | D:2      | Gained mutation: A weak demonic guardian rushes to your
                  | aid. [demonic ancestry]
   971 | D:2      | Reached XP level 3. HP: 22/26 MP: 4/4
   985 | D:2      | Killed Terence
  1159 | D:2      | Noticed Natasha
  1170 | D:2      | Slain by a cerulean imp

Illustrated notes

Levels and vault maps discovered:
D:1:      scummos_arrival_forest, layout_loops_ring, serial_bayou_lagoon_a,
          chequers_decorated_corner
D:2:      layout_basic, kennysheep_another_room, uniq_natasha, uniq_terence

Skill      XL: |  1  2  3 |
---------------+----------+-----
Invocations    | 1 2 |  2.5
Maces & Flails | 3 |  3.0
Dodging        | 3 |  3.0
Fighting       | |  1.7
Polearms       | |  1.0
Armour         | |  1.5
Evocations     | |  1.0

Action                     || total
---------------------------++-------
  Melee: Mace              ||    76
    Use: Potion            ||     1
   Stab: Distracted        ||     1
 Armour: Ring mail         ||    40
         Leather armour    ||     8
  Dodge: Dodged            ||    52
  Block: Other             ||     9

Table legend: (Time is in decaauts)
 A = Elapsed time spent in this place.
 B = Non-inter-level travel time spent in this place.
 C = Inter-level travel time spent in this place.
 D = Time resting spent in this place.
 E = Time spent auto-exploring this place.
 F = Levels seen in this place.
 G = Mean time per level.
                   A        B        C        D        E       F      G
               +--------+--------+--------+--------+--------+-----+--------+
         Total |   1201 |   1182 |     19 |      0 |    939 |   2 |  600.5 |
       Dungeon |   1201 |   1182 |     19 |      0 |    939 |   2 |  600.5 |
               +--------+--------+--------+--------+--------+-----+--------+

Top non-repeatable levels by time:
     D:1: 716 daAuts
     D:2: 484 daAuts
